 Dungeon Crawl Stone Soup version 0.31.0-32-g396128a36d (webtiles) character file.

Game seed: 13428282656793375445

739 Glalom the Skirmisher (level 7, -3/34 HPs)
             Began as a Spriggan Hunter on Mar 30, 2024.
             Was an Initiate of Fedhas.
             Killed from afar by a steam dragon (12 damage)
             ... with a ball of steam
             ... on level 5 of the Dungeon.
             The game lasted 00:11:53 (2975 turns).

Glalom the Skirmisher (Spriggan Hunter)             Turns: 2975, Time: 00:11:53

Health: -3/34      AC:  2    Str:  7    XL:     7   Next: 46%
Magic:  8/8        EV: 18    Int: 10    God:    Fedhas [......]
Gold:   192        SH:  5    Dex: 21    Spells: 4/6 levels left

rFire   . . .        a - +0 shortbow
rCold   . . .        (shield currently unavailable)
rNeg    . . .        c - +0 robe
rPois   +            (helmet restricted)
rElec   .            (no cloak)
rCorr   .            (gloves unavailable)
SInv    +            (boots unavailable)
Will    +....        j - amulet of reflection
Stlth   ++           m - ring of poison resistance
HPRegen 0.25/turn    (no ring)
MPRegen 0.11/turn

%: reflection
@: very quick
A: very small, no large weapons, unfitting armour, see invisible, speed 3
a: Renounce Religion


You were on level 5 of the Dungeon.
You worshipped Fedhas.
Fedhas was noncommittal.
You visited 2 branches of the dungeon, and saw 6 of its levels.

You collected 192 gold pieces.

Inventory:

Hand Weapons
 a - a +0 shortbow (weapon)
 b - a +2 whip of electrocution
Armour
 c - a +0 robe (worn)
Jewellery
 j - an amulet of reflection (around neck)
 m - a ring of poison resistance (left hand)
Scrolls
 d - a scroll of blinking {unknown}
 e - 2 scrolls of teleportation {unknown}
 f - a scroll of enchant armour {unknown}
 g - 2 scrolls of fear {unknown}
 h - 2 scrolls of revelation {unknown}
 k - a scroll of vulnerability {unknown}
 n - a scroll of enchant weapon {unknown}
 s - 2 scrolls of identify {unknown}
 u - 2 scrolls of amnesia {unknown}
 w - a scroll of noise {unknown}
 x - a scroll of butterflies
Potions
 i - 2 potions of invisibility {unknown}
 l - a potion of curing {unknown}
 o - a potion of brilliance {unknown}
 p - a potion of might {unknown}
 r - a potion of magic {unknown}
 t - a potion of cancellation {unknown}
 v - a potion of attraction {unknown}


   Skills:
 + Level 1.8 Fighting
 - Level 8.0 Ranged Weapons
 - Level 2.6 Dodging
 - Level 1.5 Stealth
 - Level 3.0 Hexes
 - Level 5.0 Translocations


You had 4 spell levels left.
You knew the following spells:

 Your Spells              Type           Power      Damage    Failure   Level
a - Blink                 Tloc           20%        N/A       8%          2

Your spell library contained the following spells:

 Spells                   Type           Power      Damage    Failure   Level
 Sigil of Binding         Hex            6%         N/A       32%         3
 Magic Dart               Conj           0%         1d3       36%         1
 Necrotise                Necr           0%         1d4       36%         1
 Shock                    Conj/Air       0%         1d3       36%         1
 Call Imp                 Summ           0%         N/A       50%         2
 Dimensional Bullseye     Hex/Tloc       4%         N/A       58%         4
 Call Canine Familiar     Summ           0%         N/A       75%         3
 Swiftness                Air            0%         N/A       75%         3
 Vampiric Draining        Necr           0%         2d6       75%         3
 Airstrike                Air            0%         2d(0-16)  98%         4
 Martyr's Knell           Necr/Summ      0%         N/A       98%         4
 Curse of Agony           Necr           0%         N/A       100%        5


Dungeon Overview and Level Annotations

Branches:
Dungeon (5/15)             Temple (1/1) D:4

Altars:
Dithmenos
Elyvilon
Fedhas
Makhleb
Nemelex Xobeh
Sif Muna
Trog
Wu Jian
Yredelemnul


Innate Abilities, Weirdness & Mutations

You are very small and have problems with some larger weapons.
You are too small for most types of armour.
You have supernaturally acute eyesight. (SInv)
You cover ground extremely quickly. (Speed+++)


Message History

The steam dragon hisses angrily.
The arrow hits the water moccasin.
The water moccasin is severely wounded.
You block the water moccasin's attack.
You shoot an arrow. The arrow hits the water moccasin.
The water moccasin is severely wounded.
The water moccasin barely misses you.
You shoot an arrow. The arrow misses the water moccasin.
The water moccasin barely misses you.
You shoot an arrow. The arrow hits the water moccasin.
The water moccasin is almost dead.
The water moccasin closely misses you. You block the water moccasin's attack.
You shoot an arrow. The arrow hits the water moccasin.
You kill the water moccasin!
Fedhas appreciates your contribution to the ecosystem.
Training target 8.0 for Ranged Weapons reached!
Your Ranged Weapons skill increases to level 8!
You need to enable at least one skill for training.
You shoot an arrow.
The arrow barely misses the steam dragon.
You shoot an arrow.
The arrow barely misses the steam dragon.
The steam dragon breathes steam at you. The ball of steam hits you!
You shoot an arrow.
The arrow barely misses the steam dragon.
You are engulfed in a cloud of scalding steam.
A scorpion comes into view.
The steam dragon closely misses you.
The steam dragon claws you but does no damage.
You shoot an arrow.
The arrow closely misses the steam dragon.
You are engulfed in a cloud of scalding steam.
* * * LOW HITPOINT WARNING * * *
The steam dragon breathes steam at you. The ball of steam misses you.
The steam dragon breathes steam at you. The ball of steam hits you!
You die...
Fedhas appreciates your contribution to the ecosystem.

#....... .)..s.
###.#..< ######
###...... #....#
........ #.##.#
#.#...# #>##.####
#....†# #.##)...#
#.....#######.##.#..##
##.#...D.§§@.....#.(.#
#.....####.########.#
#.......##...<†.....#
#.....#.#####.#######
........#.......#
##......#########
#..##### .... ...


There were no monsters in sight!

Vanquished Creatures
  A water moccasin (D:5)
  An ice beast (D:5)
  Blork the orc (D:5)
  2 scorpions (D:4)
  A bullfrog (D:5)
  A bombardier beetle (D:4)
  2 jellies (D:4)
  An iguana (D:4)
  2 orc wizards (D:4)
  5 adders
  3 dart slugs
  2 ribbon worms
  6 orcs
  7 ball pythons
  5 bats
  7 endoplasms
  6 giant cockroaches
  4 hobgoblins
  3 jackals (D:3)
  4 kobolds
  A quokka (D:2)
  3 frilled lizards (D:1)
  6 goblins
  10 rats
84 creatures vanquished.

Vanquished Creatures (others)
  An orc (D:5)
  A quokka (D:5)
2 creatures vanquished.

Grand Total: 86 creatures vanquished

Notes
Turn   | Place    | Note
-------+----------+-------------------------------------------
     0 | D:1      | Glalom the Spriggan Hunter began the quest for the Orb.
     0 | D:1      | Reached XP level 1. HP: 10/10 MP: 2/2
   145 | D:1      | Reached XP level 2. HP: 14/14 MP: 3/3
   784 | D:2      | Reached skill level 5 in Ranged Weapons
   799 | D:2      | Reached XP level 3. HP: 18/18 MP: 4/4
  1243 | D:3      | Reached skill level 1 in Hexes
  1327 | D:3      | Found a basalt altar of Yredelemnul.
  1585 | D:3      | Reached XP level 4. HP: 22/22 MP: 5/5
  1813 | D:4      | Noticed a scorpion
  1824 | D:4      | Killed a scorpion
  1825 | D:4      | Reached XP level 5. HP: 24/25 MP: 6/6
  1865 | D:4      | Reached skill level 6 in Ranged Weapons
  1890 | D:4      | Reached skill level 1 in Translocations
  1962 | D:4      | Reached XP level 6. HP: 30/30 MP: 7/7
  2099 | D:4      | Found a staircase to the Ecumenical Temple.
  2125 | D:4      | Reached skill level 5 in Translocations
  2128 | D:4      | Learned a level 2 spell: Blink
  2187 | Temple   | Entered the Ecumenical Temple
  2201 | Temple   | Became a worshipper of Fedhas Madash
  2860 | D:5      | Entered Level 5 of the Dungeon
  2889 | D:5      | Noticed Blork the orc
  2894 | D:5      | Killed Blork the orc
  2895 | D:5      | Reached skill level 7 in Ranged Weapons
  2895 | D:5      | Reached XP level 7. HP: 25/33 MP: 8/8
  2960 | D:5      | Noticed a steam dragon
  2966 | D:5      | Reached skill level 8 in Ranged Weapons
  2975 | D:5      | Killed from afar by a steam dragon

Illustrated notes

Levels and vault maps discovered:
D:1:      onia_arrival_handbag, layout_basic, minmay_tetromino_t4
D:2:      layout_loops_ring, grunt_ministairs_12
D:3:      layout_basic, yredelemnul_altar_generic
D:4:      layout_basic, minmay_temple_entry_offerings, chequers_big_river
D:5:      layout_basic, gammafunk_temple_overflow_pools,
          nicolae_figureground_pulse, uniq_blork_the_orc, uniq_menkaure
Temple:   nicolae_temple_bog_church

Skill      XL: |  1  2  3  4  5  6  7 |
---------------+----------------------+-----
Ranged Weapons | 5 6 7 8 |  8.0
Hexes          | 2 3 |  3.0
Translocations | 3 5 |  5.0
Fighting       | |  1.8
Dodging        | |  2.6
Stealth        | |  1.5

Action                     |  1- 3 |  4- 6 |  7- 9 || total
---------------------------+-------+-------+-------++-------
   Fire: Shortbow          |   112 |   130 |    22 ||   264
 Armour: Robe              |     9 |    11 |     6 ||    26
  Dodge: Dodged            |    20 |    25 |     5 ||    50
  Block: Other             |     9 |     6 |     3 ||    18
         Reflection        |     1 |     1 |       ||     2
